 Dungeon Crawl Stone Soup version 0.19-a0-1292-g796ee4d (webtiles) character file.

587 mrath the Ruffian (level 7, -4/67 HPs)
             Began as a Troll Monk on Aug 30, 2016.
             Slain by an orc warrior
             ... wielding a +0 scimitar
              (10 damage)
             ... on level 6 of the Dungeon.
             The game lasted 00:14:40 (2522 turns).

mrath the Ruffian (Troll Monk)                      Turns: 2522, Time: 00:14:41

Health: -4/67      AC:  5    Str: 20    XL:     7   Next: 15%
Magic:  7/7        EV: 11    Int:  6    God:
Gold:   144        SH:  0    Dex: 14    Spells: 0 memorised, 6 levels left

rFire  . . .     SeeInvis .       - Unarmed
rCold  . . .     Gourm    +     a - +0 robe
rNeg   . . .     Faith    .     (no shield)
rPois  .         Spirit   .     (helmet restricted)
rElec  .         Dismiss  .     (no cloak)
rCorr  .         Reflect  .     (gloves unavailable)
MR     .....     Harm     .     (boots unavailable)
Stlth  ++........               (no amulet)
                                (no ring)
                                (no ring)

@: no status effects
A: unfitting armour, claws 3, fast metabolism 3, gourmand, regeneration 1,
shaggy fur 1, tough skin 2
a: no special abilities


You were on level 6 of the Dungeon.
You were completely stuffed.

You visited 1 branch of the dungeon, and saw 5 of its levels.

You collected 170 gold pieces.
You spent 26 gold pieces at shops.

Inventory:

Missiles
 c - 133 stones
 e - 3 javelins (quivered)
 p - 36 sling bullets
Armour
 a - a +0 robe (worn)
Wands
 r - a wand of lightning (8/15)
 u - a wand of flame (21/48)
Scrolls
 g - 2 scrolls of identify
 l - 3 scrolls of enchant armour {unknown}
 n - a scroll of recharging {unknown}
 o - a scroll of teleportation {unknown}
 q - 2 scrolls of random uselessness {unknown}
 v - 3 scrolls of remove curse {unknown}
Potions
 d - a potion of agility {unknown}
 f - 3 potions of brilliance
 h - 2 potions of magic {unknown}
 j - a potion of curing {unknown}
 m - 2 potions of flight {unknown}
 t - a potion of berserk rage {unknown}
Books
 i - a book of Power

   Spells                             Type                      Level
   a - Fulminant Prism                Conjuration/Hexes            4
   b - Iskenderun's Mystic Blast      Conjuration                  4
   c - Venom Bolt                     Conjuration/Poison           5
   d - Bolt of Magma                  Conjuration/Fire/Earth       5
   e - Iron Shot                      Conjuration/Earth            6
   f - Orb of Destruction             Conjuration                  7
   g - Spellforged Servitor           Conjuration/Summoning        7
Comestibles
 b - 5 bread rations
 k - a beef jerky
 s - a meat ration


   Skills:
 + Level 3.5 Fighting
 + Level 3.7 Dodging
 - Level 1.1 Stealth
 + Level 6.0 Unarmed Combat
 + Level 2.1 Evocations


You had 6 spell levels left.
You didn't know any spells.

Dungeon Overview and Level Annotations

Branches:
Dungeon (4/15)
 Temple: D:4-7

Altars:
Elyvilon
Fedhas
The Shining One

Shops:
D:6 *


Innate Abilities, Weirdness & Mutations

You are too large for most types of armour.
You have claws for hands.
Your metabolism is lightning-fast.
You like to eat raw meat.
Your natural rate of healing is unusually fast.
You are covered in fur. (AC +1)
You have very tough skin. (AC +2)


Message History

The orc warrior is heavily wounded.
The orc warrior barely misses you.
The orc wizard hits you but does no damage.
You claw the orc warrior!
The orc warrior is severely wounded.
The orc warrior hits you with a scimitar!
The orc wizard hits you but does no damage.
You scratch the orc warrior.
The orc warrior is almost dead.
The orc wizard hits you but does no damage.
The orc warrior hits you with a scimitar!!
* * * LOW HITPOINT WARNING * * *
You barely miss the orc wizard.
The orc wizard hits you but does no damage.
The orc priest invokes the aid of Beogh against you.
Beogh smites you!
* * * LOW HITPOINT WARNING * * *
You barely miss the orc wizard.
The orc warrior hits you with a scimitar!
You die...

#. #.# ########## #. #.#
..........# #.## #.##.#
#####.####### ##... ..h..#
#...........# ##...###....
#.###..####.# .........# #o#
#...# #.# ####.....### ##@#
###.# #.# ...........##.##o#
#...##.# .#.#..###...#.##o#
.8.##.# ..........#...##.#
...##.##### .#.#....#...#.##..
#.##......##
...#.....#.##(####
#.#######..# .###.#...#.##.###
##.## #####.# .#
#..........#...###...###...#.#
.#
###..........8....._.....8...#


You could see an orc warrior, an orc priest and an orc wizard.

Vanquished Creatures
  A slave (D:4)
  A centaur (D:6)
  2 giant frogs (D:6)
  An orc priest (D:4)
  2 hounds (D:6)
  A jelly (D:6)
  3 orc wizards (D:4)
  A worker ant (D:4)
  6 adders
  A shadow imp (D:6)
  An adder skeleton (D:4)
  An adder zombie (D:6)
  3 worms
  A dart slug (D:1)
  5 giant geckos
  7 orcs
  3 giant cockroaches
  5 goblins
  8 hobgoblins
  4 jackals (D:4)
  6 kobolds
  A quokka (D:3)
  A ball python (D:3)
  8 bats
  3 giant newts (D:2)
  A quokka zombie (D:6)
  3 rats
80 creatures vanquished.

Notes
Turn   | Place    | Note
-------+----------+-------------------------------------------
     0 | D:1      | mrath the Troll Monk began the quest for the Orb.
     0 | D:1      | Reached XP level 1. HP: 22/22 MP: 0/0
   133 | D:1      | Reached XP level 2. HP: 21/29 MP: 1/1
   392 | D:1      | Reached skill level 4 in Unarmed Combat
   472 | D:1      | Reached XP level 3. HP: 36/36 MP: 2/2
   614 | D:2      | Found a blossoming altar of Fedhas.
   743 | D:2      | Reached XP level 4. HP: 44/44 MP: 3/3
   754 | D:2      | Reached skill level 5 in Unarmed Combat
  1562 | D:4      | Reached XP level 5. HP: 50/50 MP: 4/4
  1666 | D:4      | Found a glowing golden altar of the Shining One.
  1675 | D:4      | Reached skill level 1 in Evocations
  1764 | D:4      | Noticed a slave
  1788 | D:4      | Killed a slave
  1891 | D:4      | Reached XP level 6. HP: 61/61 MP: 5/5
  1892 | D:4      | You fall through a shaft for 2 floors!
  2023 | D:6      | Found Jauc's General Store.
  2127 | D:6      | Bought a scroll of identify for 26 gold pieces
  2447 | D:6      | Found a white marble altar of Elyvilon.
  2468 | D:6      | Reached XP level 7. HP: 67/67 MP: 7/7
  2477 | D:6      | Reached skill level 6 in Unarmed Combat
  2522 | D:6      | Slain by an orc warrior

Vault maps used:
D:1:      tarquinn_simple_flora_water_d
D:2:      fedhas_altar_1, minmay_misc_feat_alley
D:4:      lemuel_crystal_altar, first_bread, uniq_pikel, uniq_sigmund
D:6:      elyvilon_altar_1, gammafunk_temple_overflow_pools, serial_shops, shop,
          uniq_crazy_yiuf_cottage, uniq_eustachio, uniq_duvessa

Skill      XL: |  1  2  3  4  5  6  7 |
---------------+----------------------+-----
Unarmed Combat | 4 5 6 |  6.0
Evocations     | 1 2 |  2.1
Dodging        | 3 |  3.7
Fighting       | 3 |  3.5
Stealth        | |  1.1

Action                   |  1- 3 |  4- 6 |  7- 9 || total
-------------------------+-------+-------+-------++-------
Melee: Unarmed           |    93 |   144 |    16 ||   253
       Punch             |     2 |       |       ||     2
Throw: Javelin           |     1 |     3 |       ||     4
  Use: Scroll            |       |     1 |       ||     1
 Stab: Sleeping          |     1 |       |       ||     1
  Eat: Chunk             |    12 |    15 |     2 ||    29
Armor: Robe              |    37 |    44 |     5 ||    86
Dodge: Dodged            |    42 |    74 |     8 ||   124
